 Dungeon Crawl Stone Soup version 0.24-a0-412-ge138f7edaf (webtiles) character file.

Game seed: 1648319534861687730

20623 theanonym the Brawler (level 12, -4/106 HPs)
             Began as a Ghoul Gladiator on June 6, 2019.
             Was a High Priest of Makhleb.
             Slain by a seven-headed hydra (6 damage)
             ... on level 13 of the Dungeon.
             The game lasted 00:23:34 (11435 turns).

theanonym the Brawler (Ghoul Gladiator)            Turns: 11435, Time: 00:23:35

Health: -4/106     AC: 25    Str: 26    XL:     12   Next: 81%
Magic:  0/11       EV:  5    Int:  3    God:    Makhleb [*****.]
Gold:   136        SH:  8    Dex: 10    Spells: 11/11 levels left

rFire    . . .     SeeInvis .     - Unarmed
rCold    + + .     Gourm    .   d - +0 shield
rNeg     + + +     Faith    .   j - +2 plate armour {rC+}
rPois    ∞         Spirit   +   b - +2 helmet
rElec    .         Reflect  .   g - +0 cloak
rCorr    .         Harm     .   x - +0 pair of gloves
MR       .....                  o - +2 pair of boots
Stlth    ..........             C - amulet of guardian spirit
HPRegen  0.00/turn              m - +3 ring of strength
MPRegen  0.12/turn              k - ring of flight

@: rotting
A: rotting body, claws 1, carnivore, cold resistance 1, negative energy
resistance 3, inhibited regeneration, torment resistance, unbreathing
a: Minor Destruction, Lesser Servant of Makhleb, Major Destruction, Greater
Servant of Makhleb, Renounce Religion, Evoke Flight


Innate Abilities, Weirdness & Mutations

Your body is rotting away.
You thrive on raw meat.
You are immune to poison.
You have sharp fingernails.
You are carnivorous and can eat meat at any time.
Your flesh is cold resistant. (rC+)
You are immune to negative energy. (rN+++)
You do not regenerate when monsters are visible.
You are immune to unholy pain and torment.
You can survive without breathing.


   Skills:
 - Level 10.0 Fighting
 - Level 1.7 Throwing
 + Level 8.6 Armour
 - Level 2.6 Dodging
 * Level 17.1 Unarmed Combat


You had 11 spell levels left.
You didn't know any spells.
Your spell library contained the following spells:

 Spells                   Type           Power        Failure   Level  Hunger
 Confusing Touch          Hex            #.....       100%        1    ##.....
 Shock                    Conj/Air       #...         100%        1    ##.....
 Blink                    Tloc           N/A          100%        2    ###....
 Shroud of Golubria       Chrm/Tloc      #.....       100%        2    ###....
 Sticks to Snakes         Tmut           #.......     100%        2    ###....
 Swiftness                Chrm/Air       #.......     100%        2    ###....
 Confuse                  Hex            #.......     100%        3    ####...
 Gell's Gravitas          Tloc           #.........   100%        3    ####...
 Lesser Beckoning         Tloc           #.........   100%        3    ####...
 Static Discharge         Conj/Air       #.......     100%        3    ####...
 Teleport Other           Tloc           #.......     100%        3    ####...
 Airstrike                Air            #.........   100%        4    #####..
 Passage of Golubria      Tloc           N/A          100%        4    #####..
 Petrify                  Tmut/Erth      #.......     100%        4    #####..
 Lightning Bolt           Conj/Air       #.........   100%        5    ######.
 Metabolic Englaciation   Hex/Ice        #.........   100%        5    ######.
 Yara's Violent Unravell  Hex/Tmut       #.........   100%        5    ######.
 Beastly Appendage        Tmut           Unusable     N/A         1    N/A
 Spider Form              Tmut/Pois      Unusable     N/A         3    N/A
 Ice Form                 Ice/Tmut       Unusable     N/A         4    N/A
 Blade Hands              Tmut           Unusable     N/A         5    N/A

Skill      XL: |  1  2  3  4  5  6  7  8  9 10 11 12 |
---------------+-------------------------------------+-----
Unarmed Combat | 4 5 6 7 8 10 12 13 15 17 | 17.1
Fighting       | 3 4 5 7 8 10 | 10.0
Armour         | 2 4 7 8 |  8.6
Throwing       | |  1.7
Dodging        | |  2.6

Action                   |  1- 3 |  4- 6 |  7- 9 | 10-12 || total
-------------------------+-------+-------+-------+-------++-------
Melee: Unarmed           |   119 |   174 |   278 |   726 ||  1297
Throw: Throwing net      |     1 |     5 |     1 |     1 ||     8
Evoke: Wand              |       |       |     7 |    20 ||    27
       Phial of floods   |       |       |       |     1 ||     1
  Use: Scroll            |       |     3 |    12 |    14 ||    29
       Potion            |       |       |     3 |     6 ||     9
 Stab: Held in net/web   |     1 |     1 |       |       ||     2
       Paralysed         |       |       |     8 |     5 ||    13
       Confused          |       |       |       |     1 ||     1
  Eat: Chunk             |     3 |     6 |    26 |    48 ||    83
       Ration            |       |     2 |     1 |     1 ||     4
Armor: Leather armour    |    24 |       |       |       ||    24
       Ring mail         |    12 |     2 |       |       ||    14
       Scale mail        |       |    74 |    53 |       ||   127
       Plate armour      |       |       |    69 |   486 ||   555
Dodge: Dodged            |    70 |    51 |    57 |   155 ||   333
Block: Shield            |       |    61 |    88 |   277 ||   426

Inventory:

Armour
 b - a +2 helmet (worn)
 d - a +0 shield (worn)
 g - a +0 cloak (worn)
 j - a +2 plate armour of cold resistance (worn)
 o - a +2 pair of boots (worn)
 s - +0 fire dragon scales
 x - a +0 pair of gloves (worn)
 z - the cursed +0 pair of boots of Virtue {SInv}

   It lets you see invisible.
   It has a curse placed upon it.
Jewellery
 k - a ring of flight (right hand)
 m - a +3 ring of strength (left hand)
 C - an amulet of guardian spirit (around neck)
Wands
 c - a wand of enslavement (6)
 i - a wand of random effects (13)
 v - a wand of acid (1)
 E - a wand of flame (50)
Scrolls
 f - a scroll of fog
 n - 8 scrolls of remove curse
 p - 2 scrolls of amnesia
 r - a scroll of identify
 t - 2 scrolls of teleportation
 y - 3 scrolls of magic mapping
Potions
 h - a potion of haste
 l - 2 potions of ambrosia
 q - a potion of heal wounds
 w - 4 potions of curing
 A - a potion of brilliance {unknown}
 F - 3 potions of flight {unknown}
 G - a potion of cancellation {unknown}
 H - a potion of lignification {unknown}
 K - 2 potions of degeneration {unknown}
Miscellaneous
 I - a phial of floods (inert)
Comestibles
 a - 10 chunks of flesh
 e - 14 rations


You were on level 13 of the Dungeon.
You worshipped Makhleb.
Makhleb was extremely pleased with you.
You were not hungry.

You visited 2 branches of the dungeon, and saw 14 of its levels.

You collected 776 gold pieces.
You spent 640 gold pieces at shops.

Dungeon Overview and Level Annotations

Branches:
Dungeon (13/15)            Temple (1/1) D:4            Lair (0/6) D:11
    Orc (0/2) D:11
 Vaults: D:13-14

Altars:
Ashenzari
Cheibriados
Dithmenos
Elyvilon
Fedhas
Gozag
Hepliaklqana
Kikubaaqudgha
Makhleb
Nemelex Xobeh
Okawaru
Qazlal
Ru
Sif Muna
Trog
Uskayaw
Vehumet
Wu Jian
Xom
Yredelemnul
Zin
The Shining One

Shops:
D:12 [

Portals:
Trove: D:11 (give 6 scrolls of blinking)

Annotations:
D:11 2 transporters, Ijustatesigmund's ghost, journeyman OpFi
D:12 Frances

##############
#..§†.........
#.####........
#.# #........
#.# #........
#.# #........
#.# #........
#W# #@...?...
#.# #D.....$.
#.####........
#....WJ.......
#.............
#..........###
#..........#
#..........#
#..........#


You could see a seven-headed hydra, an enormous slime creature and a wraith.

Notes
Turn   | Place    | Note
-------+----------+-------------------------------------------
     0 | D:1      | theanonym the Ghoul Gladiator began the quest for the Orb.
     0 | D:1      | Reached XP level 1. HP: 17/17 MP: 0/0
    42 | D:1      | HP: 8/18 [kobold (2)]
   173 | D:1      | Reached XP level 2. HP: 23/25 MP: 1/1
   243 | D:1      | Reached skill level 4 in Unarmed Combat
   437 | D:1      | Reached XP level 3. HP: 27/30 MP: 2/2
   849 | D:2      | Found a blossoming altar of Fedhas.
   876 | D:2      | Reached skill level 3 in Fighting
   994 | D:2      | Reached XP level 4. HP: 29/38 MP: 3/3
  1101 | D:2      | Noticed Natasha
  1112 | D:2      | Killed Natasha
  1112 | D:2      | Reached skill level 5 in Unarmed Combat
  1372 | D:2      | Noticed Natasha
  1395 | D:2      | Found a deep blue altar of Sif Muna.
  1427 | D:2      | Killed Natasha
  1463 | D:2      | Reached XP level 5. HP: 33/45 MP: 4/4
  2218 | D:3      | Found a glowing silver altar of Zin.
  2257 | D:3      | HP: 23/46 [orc wizard/magic dart (4)]
  2264 | D:3      | HP: 22/46 [orc priest/+0 trident (5)]
  2270 | D:3      | Reached skill level 4 in Fighting
  2495 | D:3      | Reached skill level 6 in Unarmed Combat
  2610 | D:4      | Reached XP level 6. HP: 41/52 MP: 5/5
  3077 | D:4      | Reached skill level 7 in Unarmed Combat
  3080 | D:4      | HP: 23/53 [orc/+0 club (4)]
  3087 | D:4      | HP: 22/55 [orc/+0 club (2)]
  3313 | D:3      | Reached XP level 7. HP: 58/58 MP: 6/6
  3410 | D:4      | Noticed a hippogriff
  3420 | D:4      | Killed a hippogriff
  3420 | D:4      | Reached skill level 5 in Fighting
  3481 | D:4      | Reached skill level 8 in Unarmed Combat
  3485 | D:4      | Found a staircase to the Ecumenical Temple.
  3504 | Temple   | Entered the Ecumenical Temple
  3665 | Temple   | theanonym: !lg goodplayers gh class=fi|gl|mo s=god win
  3665 | Temple   | meem: 708 games for goodplayers (gh class=fi|gl|mo win):
                  | 157x Makhleb, 155x Okawaru, 108x Ru, 80x Cheibriados, 38x
                  | Yredelemnul, 37x Qazlal, 24x Hepliaklqana, 20x Ashenzari,
                  | 17x Kikubaaqudgha, 16x Wu Jian, 16x Uskayaw, 14x Nemelex
                  | Xobeh, 6x Pakellas, 4x Jiyva, 4x Gozag, 3x Dithmenos, 3x
                  | Lugonu, 3x Trog, 2x, Xom
  3680 | Temple   | Became a worshipper of Makhleb the Destroyer
  3816 | D:5      | Entered Level 5 of the Dungeon
  3897 | D:5      | Reached XP level 8. HP: 66/70 MP: 7/7
  3938 | D:5      | Found a glowing golden altar of the Shining One.
  4003 | D:5      | Reached skill level 6 in Fighting
  4257 | D:5      | Found an iron altar of Okawaru.
  4319 | D:5      | Reached skill level 9 in Unarmed Combat
  4366 | D:5      | Found a runed translucent gate.
  4367 | D:5      | Found a runed translucent gate.
  4367 | D:5      | Found a runed translucent gate.
  4373 | D:5      | Noticed ThisFiasco's ghost (novice GnTm)
  4373 | D:5      | Noticed Spolavi's ghost (novice HOFi)
  4426 | D:5      | HP: 32/69 [Spolavi's ghost (14)]
  4441 | D:5      | HP: 28/70 [Spolavi's ghost (10)]
  4446 | D:5      | Killed Spolavi's ghost
  4446 | D:5      | Reached skill level 7 in Fighting
  4446 | D:5      | Reached skill level 10 in Unarmed Combat
  4449 | D:5      | HP: 27/73 [ThisFiasco's ghost (2)]
  4469 | D:5      | Killed ThisFiasco's ghost
  4469 | D:5      | Reached XP level 9. HP: 49/79 MP: 2/8
  4581 | D:6      | Reached * piety under Makhleb
  4776 | D:6      | Reached skill level 11 in Unarmed Combat
  5164 | D:6      | HP: 35/79 [orc priest/divine providence (7)]
  5187 | D:6      | HP: 29/79 [orc priest/divine providence (6)]
  5196 | D:6      | HP: 19/79 [orc priest/divine providence (10)]
  5204 | D:6      | Reached skill level 8 in Fighting
  5738 | D:7      | Reached skill level 1 in Armour
  5874 | D:7      | HP: 40/82 [ogre/+0 giant club (9)]
  5885 | D:7      | HP: 31/82 [ogre/+0 giant club (13)]
  5887 | D:7      | Reached skill level 2 in Armour
  6115 | D:7      | Found a hide-covered altar of Uskayaw.
  6243 | D:7      | Found a glowing silver altar of Zin.
  6245 | D:7      | Found a shimmering altar of Xom.
  6245 | D:7      | Found a glowing silver altar of Zin.
  6247 | D:7      | Found an opulent altar of Gozag.
  6247 | D:7      | Found a glowing silver altar of Zin.
  6247 | D:7      | Found a hide-covered altar of Uskayaw.
  6516 | D:8      | Reached skill level 12 in Unarmed Combat
  6533 | D:8      | Reached XP level 10. HP: 76/86 MP: 6/9
  6568 | D:8      | Reached ** piety under Makhleb
  6634 | D:8      | Noticed Maurice
  6660 | D:8      | Killed Maurice
  6660 | D:8      | Reached skill level 9 in Fighting
  6660 | D:8      | Reached skill level 3 in Armour
  6665 | D:8      | Found a snail-covered altar of Cheibriados.
  6958 | D:8      | Found a white marble altar of Elyvilon.
  7359 | D:9      | HP: 39/91 [hornet (8)]
  7454 | D:9      | Found a bloodstained altar of Trog.
  7482 | D:9      | Got a pair of transparent boots
  7594 | D:9      | Identified the cursed +0 pair of boots of Virtue {SInv}
                  | (You found it on level 9 of the Dungeon)
  7608 | D:10     | Entered Level 10 of the Dungeon
  7662 | D:10     | Noticed Urug
  7670 | D:10     | Killed Urug
  7670 | D:10     | Reached skill level 4 in Armour
  7670 | D:10     | Reached skill level 13 in Unarmed Combat
  7693 | D:10     | Noticed Snorg
  7701 | D:10     | HP: 43/91 [Snorg (3)]
  7705 | D:10     | Killed Snorg
  7826 | D:10     | HP: 37/93 [ogre/+0 giant club (16)]
  8044 | D:10     | Reached skill level 10 in Fighting
  8044 | D:10     | Reached XP level 11. HP: 89/99 MP: 6/10
  8210 | D:10     | Reached skill level 5 in Armour
  8217 | D:10     | Reached *** piety under Makhleb
  8598 | D:11     | Reached skill level 14 in Unarmed Combat
  8782 | D:11     | Found a staircase to the Orcish Mines.
  8831 | D:11     | Reached skill level 6 in Armour
  8843 | D:11     | Found a portal to a secret trove of treasure.
  8897 | D:11     | Found a transporter.
  8921 | D:11     | Noticed a necromancer
  8931 | D:11     | Killed a necromancer
  8996 | D:11     | Reached **** piety under Makhleb
  9053 | D:11     | Reached skill level 15 in Unarmed Combat
  9064 | D:11     | HP: 46/99 [orc priest/divine providence (14)]
  9069 | D:11     | HP: 49/99 [orc priest/divine providence (14)]
  9082 | D:11     | HP: 47/99 [orc priest/+0 war axe (3)]
  9120 | D:11     | Found a staircase to the Lair.
  9171 | D:11     | Noticed Ijustatesigmund's ghost (journeyman OpFi)
  9182 | D:11     | Found a transporter.
  9372 | D:12     | Noticed Josephine
  9465 | D:12     | HP: 46/98 [Josephine/dispel undead (23)]
  9467 | D:12     | HP: 6/98 [Josephine/dispel undead (40)]
  9468 | D:12     | Killed Josephine
  9468 | D:12     | Reached skill level 7 in Armour
  9838 | D:12     | Noticed a two-headed ogre
  9849 | D:12     | Killed a two-headed ogre
  9849 | D:12     | Reached XP level 12. HP: 95/105 MP: 8/11
  9895 | D:12     | Noticed Frances
  9950 | D:11     | Noticed a sun demon
  9950 | D:11     | HP: 47/105 [sun demon[Frances] (16)]
  9952 | D:11     | Noticed a soul eater
 10055 | D:11     | Noticed a soul eater
 10056 | D:11     | HP: 52/106 [smoke demon/divine providence[Frances] (8)]
 10064 | D:12     | HP: 53/106 [Frances/+0 flail (4)]
 10071 | D:12     | HP: 17/106 [Frances/iron shot (37)]
 10072 | D:12     | HP: 8/106 [Frances/iron shot (38)]
 10290 | D:12     | Reached skill level 16 in Unarmed Combat
 10334 | D:12     | Found Uraz's Armour Emporium.
 10347 | D:12     | Bought a +2 plate armour of cold resistance for 640 gold
                  | pieces
 10505 | D:12     | Noticed a two-headed ogre
 10519 | D:12     | Killed a two-headed ogre
 10650 | D:12     | Noticed a seven-headed hydra
 10718 | D:11     | Reached skill level 8 in Armour
 10854 | D:12     | HP: 50/106 [very large slime creature (14)]
 10940 | D:11     | HP: 47/106 [large slime creature (5)]
 10950 | D:11     | HP: 50/106 [slime creature (6)]
 10956 | D:11     | Reached ***** piety under Makhleb
 11138 | D:11     | Killed a seven-headed hydra
 11302 | D:12     | HP: 46/106 [sixfirhy[Frances] (8)]
 11309 | D:12     | HP: 40/106 [sixfirhy[Frances] (3)]
 11309 | D:12     | HP: 14/106 [sixfirhy[Frances] (10)]
 11365 | D:13     | Reached skill level 17 in Unarmed Combat
 11380 | D:13     | Noticed a catoblepas
 11409 | D:13     | Killed a catoblepas
 11420 | D:13     | HP: 40/106 [enormous slime creature (28)]
 11427 | D:13     | Noticed a seven-headed hydra
 11431 | D:13     | HP: 37/106 [seven-headed hydra (3)]
 11433 | D:13     | HP: 17/106 [seven-headed hydra (7)]
 11435 | D:13     | HP: 2/106 [seven-headed hydra (11)]
 11435 | D:13     | Slain by a seven-headed hydra

Vanquished Creatures
  Snorg (D:10)
  Josephine (D:12)
  A hydra (D:11)
  A catoblepas (D:13)
  2 two-headed ogres (D:12)
  Urug (D:10)
  An unseen horror (D:11)
  The ghost of Spolavi the Cleaver, a novice HOFi of Okawaru (D:5)
  A necromancer (D:11)
  2 ugly things (D:12)
  Maurice (D:8)
  A guardian serpent (shapeshifter) (D:11)
  A gargoyle (D:12)
  The ghost of ThisFiasco the Insei, a novice GnTm (D:5)
  3 trolls
  A queen bee (D:11)
  2 hornets
  A hornet (shapeshifter) (D:13)
  4 slime creatures
  5 hippogriffs
  5 wraiths
  A wyvern (D:11)
  14 yaks
  A steam dragon (D:10)
  2 hungry ghosts
  2 vampire mosquitoes (D:13)
  3 wargs (D:11)
  2 water moccasins
  2 orc warriors
  2 phantoms
  A sky beast (D:8)
  2 black bears
  7 ogres
  A necrophage (D:8)
  5 centaurs
  3 big kobolds
  5 bullfrogs
  A wyvern skeleton (D:12)
  3 scorpions
  A water moccasin skeleton (D:8)
  15 killer bees (D:11)
  6 wights
  7 howler monkeys
  5 crimson imps
  2 bullfrog zombies
  7 hounds
  8 orc priests
  2 bullfrog skeletons
  A gnoll shaman (D:8)
  9 orc wizards
  5 iguanas
  Natasha (twice) (D:2)
  2 polar bear simulacra (D:11)
  5 worker ants
  3 yak simulacra (D:11)
  2 wolf simulacra (D:11)
  2 hound zombies
  2 worker ant zombies
  12 adders
  6 gnolls
  A howler monkey skeleton (D:9)
  A shadow imp (D:8)
  An ooze (D:6)
  An adder skeleton (D:6)
  4 worms
  A dart slug (D:1)
  5 leopard geckos
  32 orcs
  4 giant cockroaches
  14 goblins
  6 hobgoblins
  3 jackals
  6 quokkas
  A ball python (D:6)
  3 bats
  2 frilled lizards
  A jackal skeleton (D:7)
  22 kobolds
  2 quokka skeletons
  A quokka zombie (D:7)
  12 rats
  4 river rat simulacra (D:11)
325 creatures vanquished.

Vanquished Creatures (collateral kills)
  A killer bee (D:11)
1 creature vanquished.

Vanquished Creatures (others)
  A withered plant (D:5)
1 creature vanquished.

Grand Total: 327 creatures vanquished

Table legend:
 A = Turns spent in this place as a percentage of turns spent in the entire game.
 B = Non-inter-level travel turns spent in this place as a percentage of non-inter-level travel turns spent in the entire game.
 C = Inter-level travel turns spent in this place as a percentage of turns spent in this place.
 D = Turns resting spent in this place as a percentage of non-inter-level travel turns spent in this place.
 E = Turns spent auto-exploring this place as a percentage of non-inter-level travel turns spent in this place.
 F = Non-inter-level travel turns spent in this place divided by the number of levels of this place that you've seen.
                   A       B       C       D       E      F
               +-------+-------+-------+-------+-------+----------------------
         Total | 100.0 | 100.0 |   5.5 |  22.5 |  52.9 | 771.9
       Dungeon |  98.3 |  98.5 |   5.3 |  22.8 |  52.2 | 818.8
        Temple |   1.7 |   1.5 |  16.0 |   0.0 |  98.2 | 163.0
               +-------+-------+-------+-------+-------+----------------------
